TOP OF THE 1ST |
Philadelphia 1776 BC batting - Pitching for Phoenix Hotspur : RHP Masahiro Sakei
|
Pitching: RHP Masahiro Sakei
|
|
Batting: LHB Kelvin Abbott
|
0-0: Swinging Strike 0-1: Swinging Strike 0-2: Foul Ball, location: 2F 0-2: Ground out 4-3 (Groundball, 4)
|
Batting: LHB José Rodríguez
|
0-0: Ball 1-0: Called Strike 1-1: Called Strike 1-2: Ball 2-2: Ball 3-2: Base on Balls
|
Batting: RHB Karl Blanke
|
0-0: Ball 1-0: Called Strike 1-1: Called Strike 1-2: Ball 2-2: Foul Ball, location: 2F 2-2: Fly out, F9 (Flyball, 9D)
|
Batting: LHB Manoo Satyavrat
|
0-0: Ball 1-0: Called Strike 1-1: Foul Ball, location: 2F 1-2: Strikes out swinging
|
Top of the 1st over - 0 runs, 0 hits, 0 errors, 1 left on base; Philadelphia 1776 0 - Phoenix 0 |
BOTTOM OF THE 1ST |
Phoenix Hotspur batting - Pitching for Philadelphia 1776 BC : RHP Ryan Bentley
|
Pitching: RHP Ryan Bentley
|
|
Batting: LHB Francisco García
|
0-0: Called Strike 0-1: Swinging Strike 0-2: Foul Ball, location: 2F 0-2: Ball 1-2: Foul Ball, location: 2F 1-2: TRIPLE (Flyball, 8RXD)
|
Batting: LHB Wagaw Lukongolo
|
0-0: Fly out, F9 (Flyball, 9S)
|
Batting: LHB Tadayoshi Watanabe
|
0-0: Foul Ball, location: 2F 0-1: Ball 1-1: SINGLE (Groundball, 4MD) Francisco García scores
|
Batting: LHB Harumi Takaki
|
0-0: Ball 1-0: Fly out, F9 (Flyball, 9S)
|
Batting: RHB Dale Everest
|
0-0: Ball 1-0: Ball 2-0: Called Strike 2-1: Foul Ball, location: 2F 2-2: Strikes out swinging
|
Bottom of the 1st over - 1 run, 2 hits, 0 errors, 1 left on base; Philadelphia 1776 0 - Phoenix 1 |
TOP OF THE 2ND |
Philadelphia 1776 BC batting - Pitching for Phoenix Hotspur : RHP Masahiro Sakei
|
Batting: RHB Mario Castillo
|
0-0: Swinging Strike 0-1: Swinging Strike 0-2: Foul Ball, location: 2F 0-2: Ball 1-2: Foul Ball, location: 2F 1-2: Foul Ball, location: 2F 1-2: Strikes out swinging
|
Batting: RHB Phil Moore
|
0-0: Foul Ball, location: 2F 0-1: Ground out U3 (Groundball, 3S)
|
Batting: RHB Eddie Sachs
|
0-0: Swinging Strike 0-1: Ball 1-1: Ball 2-1: Ball 3-1: Base on Balls
|
Batting: SHB Sam Quint
|
0-0: Called Strike 0-1: Ball 1-1: Ball 2-1: Ball 3-1: Foul Ball, location: 2F 3-2: Strikes out looking
|
Top of the 2nd over - 0 runs, 0 hits, 0 errors, 1 left on base; Philadelphia 1776 0 - Phoenix 1 |
BOTTOM OF THE 2ND |
Phoenix Hotspur batting - Pitching for Philadelphia 1776 BC : RHP Ryan Bentley
|
Batting: LHB Jason DeGeorge
|
0-0: Called Strike 0-1: Ball 1-1: Ball 2-1: SINGLE (Line Drive, 56)
|
Batting: RHB Pierre Bernard
|
0-0: Ball 1-0: Foul Ball, location: 2F 1-1: Ground out 4-3 (Groundball, 4M) Jason DeGeorge to second
|
Batting: LHB Corey Ferguson
|
0-0: Ground out 5-3 (Groundball, 5)
|
Batting: RHB Enrico Sánchez
|
0-0: Called Strike 0-1: Ground out 5-3 (Groundball, 56S)
|
Bottom of the 2nd over - 0 runs, 1 hit, 0 errors, 1 left on base; Philadelphia 1776 0 - Phoenix 1 |
TOP OF THE 3RD |
Philadelphia 1776 BC batting - Pitching for Phoenix Hotspur : RHP Masahiro Sakei
|
Batting: RHB Tim Burney
|
0-0: Ball 1-0: Called Strike 1-1: Foul Ball, location: 2F 1-2: Ball 2-2: Ball 3-2: Base on Balls
|
Batting: LHB Kelvin Abbott
|
0-0: Ball 1-0: Fielders Choice at 2nd, 4-6 (Groundball, 34)
|
Batting: LHB José Rodríguez
|
0-0: Ball 1-0: SINGLE (Groundball, 4MD) Kelvin Abbott to second
|
Batting: RHB Karl Blanke
|
0-0: SINGLE (Line Drive, 5L) Kelvin Abbott to third José Rodríguez to second Runner from 3rd tries for Home, SAFE, no throw
|
Batting: LHB Manoo Satyavrat
|
0-0: Swinging Strike 0-1: Ball 1-1: Swinging Strike 1-2: Foul Ball, location: 2F 1-2: Foul Ball, location: 2F 1-2: Ball 2-2: Foul Ball, location: 2F 2-2: Fielders Choice at 2nd, 4-6 (Groundball, 34D) José Rodríguez to third
|
Batting: RHB Mario Castillo
|
0-0: Ball 1-0: Called Strike 1-1: Swinging Strike 1-2: Strikes out swinging
|
Top of the 3rd over - 1 run, 2 hits, 0 errors, 2 left on base; Philadelphia 1776 1 - Phoenix 1 |
BOTTOM OF THE 3RD |
Phoenix Hotspur batting - Pitching for Philadelphia 1776 BC : RHP Ryan Bentley
|
Batting: LHB Francisco García
|
0-0: Ball 1-0: Swinging Strike 1-1: Ball 2-1: SINGLE (Line Drive, 4M)
|
Batting: LHB Wagaw Lukongolo
|
0-0: Ball Francisco García steals 2nd base 1-0: Foul Ball, location: 2F 1-1: Called Strike 1-2: Ball 2-2: Strikes out swinging
|
Batting: LHB Tadayoshi Watanabe
|
0-0: Called Strike Francisco García is caught stealing 3rd base 0-1: Ball 1-1: Foul Ball, location: 2F 1-2: Foul Ball, location: 2F 1-2: Strikes out swinging
|
Bottom of the 3rd over - 0 runs, 1 hit, 0 errors, 0 left on base; Philadelphia 1776 1 - Phoenix 1 |
TOP OF THE 4TH |
Philadelphia 1776 BC batting - Pitching for Phoenix Hotspur : RHP Masahiro Sakei
|
Batting: RHB Phil Moore
|
0-0: Ground out 4-3 (Groundball, 4)
|
Batting: RHB Eddie Sachs
|
0-0: Ball 1-0: Ball 2-0: SINGLE (Groundball, 6D)
|
Batting: SHB Sam Quint
|
0-0: Foul Ball, location: 2F 0-1: Ball 1-1: Foul Ball, location: 2F 1-2: Ball 2-2: Ball 3-2: Base on Balls Eddie Sachs to second
|
Batting: RHB Tim Burney
|
0-0: Ball 1-0: Fly out, F3 (Popup, 3F)
|
Batting: LHB Kelvin Abbott
|
0-0: Ground out 3-1 (Groundball, 34S)
|
Top of the 4th over - 0 runs, 1 hit, 0 errors, 2 left on base; Philadelphia 1776 1 - Phoenix 1 |
BOTTOM OF THE 4TH |
Phoenix Hotspur batting - Pitching for Philadelphia 1776 BC : RHP Ryan Bentley
|
Batting: LHB Harumi Takaki
|
0-0: Called Strike 0-1: Ball 1-1: Ball 2-1: Swinging Strike 2-2: Ball 3-2: Strikes out swinging
|
Batting: RHB Dale Everest
|
0-0: Ground out U3 (Groundball, 34)
|
Batting: LHB Jason DeGeorge
|
0-0: Swinging Strike 0-1: Ground out 5-3 (Groundball, 2L)
|
Bottom of the 4th over - 0 runs, 0 hits, 0 errors, 0 left on base; Philadelphia 1776 1 - Phoenix 1 |
TOP OF THE 5TH |
Philadelphia 1776 BC batting - Pitching for Phoenix Hotspur : RHP Masahiro Sakei
|
Batting: LHB José Rodríguez
|
0-0: Called Strike 0-1: Called Strike 0-2: Ball 1-2: Ball 2-2: Foul Ball, location: 2F 2-2: Ball 3-2: SINGLE (Groundball, 34D)
|
Batting: RHB Karl Blanke
|
0-0: Swinging Strike 0-1: Ball 1-1: Grounds into double play, 6-4-3 (Groundball, 6)
|
Batting: LHB Manoo Satyavrat
|
0-0: Foul Ball, location: 2F 0-1: Ball 1-1: Ball 2-1: Ball 3-1: Foul Ball, location: 2F 3-2: SINGLE (Line Drive, 4MD)
|
Batting: RHB Mario Castillo
|
0-0: Called Strike Manoo Satyavrat steals 2nd base 0-1: Called Strike 0-2: Ball 1-2: Ground out 4-3 (Groundball, 6M)
|
Top of the 5th over - 0 runs, 2 hits, 0 errors, 1 left on base; Philadelphia 1776 1 - Phoenix 1 |
BOTTOM OF THE 5TH |
Phoenix Hotspur batting - Pitching for Philadelphia 1776 BC : RHP Ryan Bentley
|
Batting: RHB Pierre Bernard
|
0-0: Ball 1-0: DOUBLE (Line Drive, 78M)
|
Batting: LHB Corey Ferguson
|
0-0: Swinging Strike 0-1: Ball 1-1: Swinging Strike 1-2: Foul Ball, location: 2F 1-2: Ball 2-2: Ball 3-2: Foul Ball, location: 2F 3-2: Foul Ball, location: 2F 3-2: SINGLE (Groundball, 34S) (infield hit) Pierre Bernard to third
|
Batting: RHB Enrico Sánchez
|
0-0: Called Strike 0-1: Foul Ball, location: 2F 0-2: Ball 1-2: Ball 2-2: Fly out, F8 (Line Drive, 8LD) Runner from 3rd tags up, SCORES, throw made
|
Batting: LHB Francisco García
|
0-0: Foul Ball, location: 2F 0-1: Ball 1-1: Ball 2-1: Foul Ball, location: 2F 2-2: Ball 3-2: Base on Balls Corey Ferguson to second
|
Batting: LHB Wagaw Lukongolo
|
0-0: DOUBLE (Line Drive, 78D) Corey Ferguson scores Francisco García to third
|
Batting: LHB Tadayoshi Watanabe
|
0-0: Ball 1-0: 3-RUN HOME RUN (Flyball, 9LD), Distance : 344 ft
|
Batting: LHB Harumi Takaki
|
0-0: Called Strike 0-1: Ball 1-1: Called Strike 1-2: Ball 2-2: SINGLE (Flyball, 89M)
|
Pitching: RHP Greg Davis
|
|
Batting: RHB Dale Everest
|
0-0: Called Strike 0-1: Fly out, F2 (Popup, 13S)
|
Batting: LHB Jason DeGeorge
|
0-0: Ball 1-0: Ball 2-0: Called Strike 2-1: DOUBLE (Flyball, 78XD) Harumi Takaki to third Runner from 3rd tries for Home, SAFE, no throw
|
Batting: RHB Pierre Bernard
|
0-0: Called Strike 0-1: Ball 1-1: Foul Ball, location: 2F 1-2: Foul Ball, location: 2F 1-2: Strikes out swinging
|
Bottom of the 5th over - 6 runs, 6 hits, 0 errors, 1 left on base; Philadelphia 1776 1 - Phoenix 7 |
TOP OF THE 6TH |
Philadelphia 1776 BC batting - Pitching for Phoenix Hotspur : RHP Masahiro Sakei
|
Batting: RHB Phil Moore
|
0-0: Ball 1-0: Foul Ball, location: 2F 1-1: Ball 2-1: Ball 3-1: Base on Balls
|
Batting: RHB Eddie Sachs
|
0-0: Foul Ball, location: 2F 0-1: Fly out, F9 (Flyball, 9S)
|
Batting: SHB Sam Quint
|
0-0: Ball 1-0: Ground out 3-1 (Groundball, 34S) Phil Moore to second
|
Batting: RHB Tim Burney
|
0-0: Foul Ball, location: 2F 0-1: Ball 1-1: Ball 2-1: Foul Ball, location: 2F 2-2: Ball 3-2: Base on Balls
|
Batting: LHB Kelvin Abbott
|
0-0: Called Strike 0-1: Fly out, F3 (Line Drive, 3)
|
Top of the 6th over - 0 runs, 0 hits, 0 errors, 2 left on base; Philadelphia 1776 1 - Phoenix 7 |
BOTTOM OF THE 6TH |
Phoenix Hotspur batting - Pitching for Philadelphia 1776 BC : RHP Greg Davis
|
Batting: LHB Corey Ferguson
|
0-0: Ball 1-0: Called Strike 1-1: Ball 2-1: Foul Ball, location: 2F 2-2: Ball 3-2: Strikes out looking
|
Batting: RHB Enrico Sánchez
|
0-0: Called Strike 0-1: Ball 1-1: Ball 2-1: SINGLE (Line Drive, 7S)
|
Batting: LHB Francisco García
|
0-0: Ball 1-0: Foul Ball, location: 2F 1-1: Ball 2-1: Called Strike 2-2: Foul Ball, location: 2F 2-2: DOUBLE (Line Drive, 7LS) Enrico Sánchez to third Runner from 3rd tries for Home, SAFE, no throw
|
Batting: LHB Wagaw Lukongolo
|
0-0: Ball Francisco García steals 3rd base 1-0: Ball 2-0: Ball 3-0: Base on Balls
|
Batting: LHB Tadayoshi Watanabe
|
0-0: Ball Wagaw Lukongolo steals 2nd base 1-0: Foul Ball, location: 2F 1-1: Foul Ball, location: 2F 1-2: Foul Ball, location: 2F 1-2: Ball 2-2: Ground out U3 (Groundball, 3)
|
Batting: LHB Harumi Takaki
|
0-0: Called Strike 0-1: Ball 1-1: Foul Ball, location: 2F 1-2: Ball 2-2: Ball 3-2: Base on Balls
|
Batting: RHB Dale Everest
|
0-0: Ball 1-0: Called Strike 1-1: Foul Ball, location: 2F 1-2: Ball 2-2: Fielders Choice at 2nd, 5-4 (Groundball, 5)
|
Bottom of the 6th over - 1 run, 2 hits, 0 errors, 3 left on base; Philadelphia 1776 1 - Phoenix 8 |
TOP OF THE 7TH |
Philadelphia 1776 BC batting - Pitching for Phoenix Hotspur : RHP Masahiro Sakei
|
Batting: LHB José Rodríguez
|
0-0: Ball 1-0: Ball 2-0: Ball 3-0: Called Strike 3-1: Base on Balls
|
Batting: RHB Karl Blanke
|
0-0: Ball 1-0: Called Strike 1-1: Fly out, F6 (Line Drive, 56)
|
Pitching: RHP José Quiñones
|
|
Batting: LHB Manoo Satyavrat
|
0-0: Foul Ball, location: 2F 0-1: Swinging Strike 0-2: Foul Ball, location: 2F 0-2: Strikes out swinging
|
Batting: RHB Mario Castillo
|
0-0: Ball 1-0: Foul Ball, location: 2F 1-1: DOUBLE (Flyball, 78XD) José Rodríguez to third
|
Batting: RHB Phil Moore
|
0-0: Ball 1-0: Foul Ball, location: 2F 1-1: Foul Ball, location: 2F 1-2: Ball 2-2: Reached on error, E6 (Groundball, 56) José Rodríguez scores Mario Castillo scores
|
Batting: RHB Eddie Sachs
|
0-0: Called Strike 0-1: Foul Ball, location: 2F 0-2: Foul Ball, location: 2F 0-2: SINGLE (Groundball, 56D) Phil Moore to third Runner from 3rd tries for Home, SAFE, no throw
|
Batting: SHB Sam Quint
|
0-0: Called Strike 0-1: Reached on error, E5 (Groundball, 56) Eddie Sachs to second
|
Batting: RHB Tim Burney
|
0-0: Ball 1-0: Foul Ball, location: 2F 1-1: Ball 2-1: Ball 3-1: Foul Ball, location: 2F 3-2: Base on Balls Eddie Sachs to third Sam Quint to second
|
Batting: LHB Kelvin Abbott
|
0-0: Ground out 3-1 (Groundball, 34)
|
Top of the 7th over - 3 runs, 2 hits, 2 errors, 3 left on base; Philadelphia 1776 4 - Phoenix 8 |
BOTTOM OF THE 7TH |
Phoenix Hotspur batting - Pitching for Philadelphia 1776 BC : RHP Greg Davis
|
Batting: LHB Jason DeGeorge
|
0-0: Ball 1-0: Ball 2-0: Called Strike 2-1: Swinging Strike 2-2: Ball 3-2: Foul Ball, location: 2F 3-2: SINGLE (Line Drive, 6MD)
|
Batting: RHB Pierre Bernard
|
0-0: Bunted foul 0-1: Bunted foul 0-2: Ball 1-2: SINGLE (Line Drive, 78S) Jason DeGeorge to second
|
Pitching: RHP Goodluck Obasanjo
|
|
Batting: LHB Corey Ferguson
|
0-0: Ball 1-0: Foul Ball, location: 2F 1-1: Ball 2-1: Ball 3-1: Called Strike 3-2: Ground out 5-3 (Groundball, 56) Jason DeGeorge to third Pierre Bernard to second
|
Batting: RHB Enrico Sánchez
|
0-0: Called Strike 0-1: Swinging Strike 0-2: Strikes out looking
|
Batting: LHB Francisco García
|
0-0: Called Strike 0-1: Ball 1-1: Called Strike 1-2: Ball 2-2: Foul Ball, location: 2F 2-2: Ground out 5-3 (Groundball, 5L)
|
Bottom of the 7th over - 0 runs, 2 hits, 0 errors, 2 left on base; Philadelphia 1776 4 - Phoenix 8 |
TOP OF THE 8TH |
Philadelphia 1776 BC batting - Pitching for Phoenix Hotspur : RHP José Quiñones
|
Batting: LHB José Rodríguez
|
0-0: Swinging Strike 0-1: Ball 1-1: Ground out 5-3 (Groundball, 5S)
|
Batting: RHB Karl Blanke
|
0-0: Swinging Strike 0-1: Ball 1-1: Foul Ball, location: 2F 1-2: Strikes out looking
|
Batting: LHB Manoo Satyavrat
|
0-0: Ball 1-0: Ball 2-0: Foul Ball, location: 2F 2-1: Ground out 4-3 (Groundball, 4)
|
Top of the 8th over - 0 runs, 0 hits, 0 errors, 0 left on base; Philadelphia 1776 4 - Phoenix 8 |
BOTTOM OF THE 8TH |
Phoenix Hotspur batting - Pitching for Philadelphia 1776 BC : RHP Goodluck Obasanjo
|
Batting: LHB Wagaw Lukongolo
|
0-0: Foul Ball, location: 2F 0-1: Ball 1-1: Ball 2-1: Swinging Strike 2-2: Ball 3-2: Base on Balls
|
Batting: LHB Tadayoshi Watanabe
|
0-0: Called Strike 0-1: Foul Ball, location: 2F 0-2: 2-RUN HOME RUN (Flyball, 9D), Distance : 381 ft
|
Batting: LHB Harumi Takaki
|
0-0: Ball 1-0: Called Strike 1-1: Ball 2-1: Foul Ball, location: 2F 2-2: Fly out, F4 (Line Drive, 4)
|
Batting: RHB Dale Everest
|
0-0: Swinging Strike 0-1: Ball 1-1: Ball 2-1: Ball 3-1: Base on Balls
|
Batting: LHB Jason DeGeorge
|
0-0: Called Strike 0-1: Called Strike 0-2: Ball Dale Everest is caught stealing 2nd base 1-2: Foul Ball, location: 2F 1-2: Ball 2-2: Fly out, F7 (Flyball, 7LMF)
|
Bottom of the 8th over - 2 runs, 1 hit, 0 errors, 0 left on base; Philadelphia 1776 4 - Phoenix 10 |
TOP OF THE 9TH |
Philadelphia 1776 BC batting - Pitching for Phoenix Hotspur : RHP José Quiñones
|
Now at 1B: Julián De Paz
|
|
Now at 3B: Carl Tucker
|
|
Batting: RHB Mario Castillo
|
0-0: Called Strike 0-1: SOLO HOME RUN (Flyball, 78XD), Distance : 405 ft
|
Batting: RHB Phil Moore
|
0-0: Ball 1-0: Ball 2-0: Called Strike 2-1: Ball 3-1: Base on Balls
|
Batting: RHB Eddie Sachs
|
0-0: Ball 1-0: Grounds into double play, 5-4-3 (Groundball, 5)
|
Batting: SHB Sam Quint
|
0-0: Swinging Strike 0-1: Ball 1-1: Ground out U3 (Groundball, 34)
|
Top of the 9th over - 1 run, 1 hit, 0 errors, 0 left on base; Philadelphia 1776 5 - Phoenix 10 |
|